 Dungeon Crawl Stone Soup version 0.27-a0-1324-ge0d8e047f6 (webtiles) character file.

Game seed: 11251300087327839789

284 HAL9000 the Sneak (level 6, -8/30 HPs)
             Began as a Vine Stalker Brigand on June 23, 2021.
             Splashed by Pikel's acid (15 damage)
             ... on level 4 of the Dungeon.
             The game lasted 00:04:39 (2889 turns).

HAL9000 the Sneak (Vine Stalker Brigand)            Turns: 2889, Time: 00:04:40

Health: -8/30      AC: -1    Str: 15    XL:     6   Next: 29%
Magic:  0/7        EV: 11    Int: 11    God:
Gold:   142        SH:  0    Dex: 16    Spells: 5/5 levels left

rFire    . . .     SeeInvis .   a - +2 dagger
rCold    . . .     Faith    .   (no shield)
rNeg     . . .     Spirit   +   b - +0 robe
rPois    .         Reflect  .   (no helmet)
rElec    .         Harm     .   c - +0 cloak
rCorr    .         Rampage  .   (no gloves)
Will     .....                  (no boots)
Stlth    ++++......             t - amulet of regeneration
HPRegen  2.10/turn              (no ring)
MPRegen  0.10/turn              (no ring)

@: corroded
A: fangs 2, regeneration 1, magic shield, antimagic bite, no potion heal 2
a: no special abilities


You were on level 4 of the Dungeon.
You visited 1 branch of the dungeon, and saw 4 of its levels.
You also visited: Sewer.

You collected 142 gold pieces.

Inventory:

Hand Weapons
 a - a +2 dagger (weapon)
Missiles
 d - 4 poisoned darts (quivered)
 e - 2 curare-tipped darts
 r - a throwing net
Armour
 b - a +0 robe (worn)
 c - a +0 cloak (worn)
Jewellery
 h - an amulet of faith
 k - an amulet of magic regeneration
 n - an amulet of the acrobat
 q - a ring of fire
 t - an amulet of regeneration (around neck)
Wands
 o - a wand of mindburst (11)
Scrolls
 f - 2 scrolls of identify {unknown}
 i - a scroll of brand weapon {unknown}
 l - a scroll of blinking {unknown}
 p - 2 scrolls of teleportation {unknown}
 u - 3 scrolls of fear {unknown}
 w - a scroll of torment {unknown}
Potions
 g - a potion of experience {unknown}
 j - a potion of mutation {unknown}
 m - a potion of curing {unknown}
 s - 2 potions of brilliance {unknown}
 v - 5 potions of flight {unknown}


   Skills:
 - Level 1.7 Fighting
 - Level 4.0 Short Blades
 - Level 1.7 Throwing
 - Level 0.7 Dodging
 + Level 7.8 Stealth


You had 5 spell levels left.
You didn't know any spells.
Your spell library was empty.

Dungeon Overview and Level Annotations

Branches:
Dungeon (4/15)              Sewer (visited)
 Temple: D:4-7

Altars:
Gozag
Nemelex Xobeh

Annotations:
D:4 Pikel


Innate Abilities, Weirdness & Mutations

You have extremely sharp teeth.
Your natural rate of healing is unusually fast.
When hurt, damage is shared between your health and your magic reserves.
Your bite disrupts and absorbs the magic of your enemies.
Potions cannot restore your health.


Message History

The lemure is severely wounded.
The lemure closely misses you.
You barely miss the lemure. Your bite misses the lemure.
The lemure is severely wounded.
You barely miss the lemure. Your bite misses the lemure.
The lemure is severely wounded.
The lemure hits you but does no damage.
You hit the lemure.
The lemure is almost dead.
The lemure closely misses you.
You closely miss the lemure.
The lemure is almost dead.
The lemure hits you but does no damage.
You hit the lemure but do no damage.
The lemure is almost dead.
The lemure closely misses you.
You hit the lemure.
The lemure is almost dead.
You hit the lemure.
You kill the lemure!
That felt strangely unrewarding.
No target in view!
No target in view!
You see here a poisoned dart.
A lemure is nearby!
d - 5 poisoned darts (gained 1)
You throw a poisoned dart. The poisoned dart hits the lemure.
The lemure is poisoned.
Pikel shouts!
The lemure looks more healthy.
Pikel zaps a wand.
The bolt of acid hits you!!
Ouch! That really hurt!
* * * LOW HITPOINT WARNING * * *
You are splashed with acid!
* * * LOW HITPOINT WARNING * * *
Pikel zaps a wand.
The bolt of acid hits you!
* * * LOW HITPOINT WARNING * * *
The acid corrodes you!
You are splashed with acid!
Ouch! That really hurt!
You die...

#................#
#.....####..#.....
#.....# #........
#.....# #.##.....
#...#..###..#.....
####.####...##.######
#..†...####..#.######
#...................
#.<.@..#.###......###
#......#.######.#....
#.......K..5.........
##########..###.#####
##...#.# ###....#
##... #.... .....#


You could see Pikel.

Vanquished Creatures
  3 lemures
  A scorpion (D:4)
  An orc priest (D:3)
  An orc wizard (D:3)
  4 adders
  A river rat (D:3)
  4 dart slugs
  2 orcs (D:2)
  10 ball pythons
  10 endoplasms
  10 giant cockroaches
  9 goblins
  4 hobgoblins
  11 jackals
  8 quokkas
  14 bats
  2 frilled lizards (Sewer)
  6 kobolds
  3 rats (D:1)
104 creatures vanquished.

Vanquished Creatures (others)
  2 plants (D:4)
2 creatures vanquished.

Grand Total: 106 creatures vanquished

Notes
Turn   | Place    | Note
-------+----------+-------------------------------------------
     0 | D:1      | HAL9000 the Vine Stalker Brigand began the quest for the
                  | Orb.
     0 | D:1      | Reached XP level 1. HP: 11/11 MP: 2/2
    28 | D:1      | Found a faded altar of an unknown god.
   130 | D:1      | Reached XP level 2. HP: 13/15 MP: 1/3
   364 | D:1      | Reached XP level 3. HP: 18/18 MP: 4/4
  1167 | D:2      | Gained mutation: Your natural rate of healing is unusually
                  | fast. [Vine Stalker growth]
  1167 | D:2      | Reached XP level 4. HP: 17/23 MP: 5/5
  1533 | D:2      | Reached skill level 5 in Stealth
  1577 | D:3      | Reached skill level 6 in Stealth
  1577 | D:3      | Reached XP level 5. HP: 26/26 MP: 6/6
  1675 | D:3      | Found a sparkling altar of Nemelex Xobeh.
  2052 | D:3      | Found a glowing drain.
  2056 | Sewer    | Entered a sewer
  2495 | D:3      | Found an opulent altar of Gozag.
  2551 | D:3      | Reached skill level 7 in Stealth
  2687 | D:4      | Reached XP level 6. HP: 24/30 MP: 5/7
  2737 | D:4      | Noticed Pikel
  2889 | D:4      | Splashed by Pikel's acid

Illustrated notes

Levels and vault maps discovered:
D:1:      dpeg_arrival_connections, layout_rooms,
          hellmonk_ecumenical_altar_zigzags
D:2:      layout_basic
D:3:      minmay_angry_zag, layout_rooms, overflow_temple_1_default,
          nicolae_overflow_crystal_walls, gup_sewer_entry_spiral,
          grunt_decor_cap, minmay_misc_feat_rugged
D:4:      layout_rooms, general_overflow_altar, lemuel_crystal_altar,
          kennysheep_mini_moat, serial_bayou, serial_bayou_shore_a,
          serial_bayou_pond_e, serial_bayou_crossing, serial_bayou_lake_a,
          ebering_ghost_rock_garden, uniq_pikel

Skill      XL: |  1  2  3  4  5 |
---------------+----------------+-----
Short Blades   | 2 3 4 |  4.0
Stealth        | 6 7 |  7.8
Fighting       | |  1.7
Throwing       | |  1.7
Dodging        | |  0.7

Action                   |  1- 3 |  4- 6 || total
-------------------------+-------+-------++-------
Melee: Dagger            |    83 |   305 ||   388
       Bite              |    18 |    65 ||    83
Throw: Dart              |     5 |    10 ||    15
 Stab: Sleeping          |     7 |    10 ||    17
       Distracted        |       |     1 ||     1
Armor: Robe              |    24 |    76 ||   100
Dodge: Dodged            |    29 |   201 ||   230

Table legend: (Time is in decaauts)
 A = Elapsed time spent in this place.
 B = Non-inter-level travel time spent in this place.
 C = Inter-level travel time spent in this place.
 D = Time resting spent in this place.
 E = Time spent auto-exploring this place.
 F = Levels seen in this place.
 G = Mean time per level.
                   A        B        C        D        E       F      G
               +--------+--------+--------+--------+--------+-----+--------+
         Total |   2948 |   2866 |     82 |    107 |   1861 |   5 |  589.6 |
       Dungeon |   2530 |   2448 |     82 |    107 |   1622 |   4 |  632.5 |
         Sewer |    418 |    418 |      0 |      0 |    239 |   1 |  418.0 |
               +--------+--------+--------+--------+--------+-----+--------+

Top non-repeatable levels by time:
     D:3: 882 daAuts
     D:2: 809 daAuts
     D:1: 661 daAuts
   Sewer: 418 daAuts
     D:4: 176 daAuts
